 Dungeon Crawl Stone Soup version 0.25-a0-413-g3b4b6a4ccc (webtiles) character file.

Game seed: 1296219493112253876, levelgen mode: deterministic

1049 Erk the Firebug (level 8, -2/100 HPs)
             Began as a Pale Draconian Fire Elementalist on Jan 10, 2020.
             Was a Believer of Vehumet.
             Killed by divine providence
             ... invoked by an orc priest
              (10 damage)
             ... on level 6 of the Dungeon on Jan 17, 2020.
             The game lasted 00:51:29 (5751 turns).

Erk the Firebug (Pale Draconian Fire Elementalist)  Turns: 5751, Time: 00:51:30

Health: -2/100     AC: 24    Str: 12    XL:     8   Next: 5%
Magic:  1/14       EV:  2    Int: 18    God:    Vehumet [**....]
Gold:   452        SH:  4    Dex: 12    Spells: 13/16 levels left

rFire    . . .     SeeInvis .   a - +2 whip (elec)
rCold    . . .     Gourm    .   r - +0 buckler
rNeg     + + +     Faith    .   (armour unavailable)
rPois    +         Spirit   .   (helmet currently unavailable)
rElec    .         Reflect  .   (cloak currently unavailable)
rCorr    .         Harm     .   (gloves currently unavailable)
MR       .....     NoTele   +   (boots currently unavailable)
Stlth    ++........             (no amulet)
HPRegen  0.26/turn              B - +2 ring of strength
MPRegen  0.14/turn              h - ring of wizardry

@: tree-form
A: (breathe steam), unfitting armour, AC +6
a: Renounce Religion


You were on level 6 of the Dungeon.
You worshipped Vehumet.
Vehumet was pleased with you.
You were very hungry.
You were a tree.
You visited 2 branches of the dungeon, and saw 8 of its levels.

You collected 452 gold pieces.

Inventory:

Hand Weapons
 a - a +2 whip of electrocution (weapon)
 b - a +0 hand crossbow
 c - a +1 flail of draining
 o - a +3 dagger
 q - a +3 dagger
 s - a +0 falchion
 E - a +0 flail of protection
Missiles
 d - 143 stones (quivered)
 x - 23 bolts
Armour
 j - a +0 large shield
 r - a +0 buckler (worn)
 u - a scarf of cloud immunity
 y - a +0 pair of boots (melded)
Jewellery
 h - a ring of wizardry (right branch)
 B - a +2 ring of strength (left branch)
Scrolls
 f - 7 scrolls of teleportation
 i - 2 scrolls of amnesia
 k - a scroll of immolation {unknown}
 m - a scroll of magic mapping {unknown}
 n - a scroll of remove curse {unknown}
 A - a scroll of enchant armour {unknown}
 D - a scroll of fog {unknown}
 G - a scroll of identify
Potions
 e - a potion of flight {unknown}
 l - 2 potions of heal wounds {unknown}
 p - 2 potions of mutation {unknown}
 t - a potion of magic {unknown}
 v - 3 potions of haste
 z - 3 potions of curing
 C - a potion of agility {unknown}
 F - a potion of berserk rage {unknown}
Comestibles
 w - 15 rations


   Skills:
 + Level 4.7 Fighting
 - Level 1.7 Dodging
 - Level 1.7 Stealth
 + Level 1.4 Shields
 + Level 4.5 Spellcasting
 + Level 4.5 Conjurations
 + Level 6.0 Fire Magic


You had 13 spell levels left.
You knew the following spells:

 Your Spells              Type           Power        Failure   Level  Hunger
a - Foxfire               Conj/Fire      ###.         1%          1    None
b - Magic Dart            Conj           ###.         1%          1    None
c - Freeze                Ice            #...         8%          1    None

Your spell library contained the following spells:

 Spells                   Type           Power        Failure   Level  Hunger
 Conjure Flame            Conj/Fire      ###.....     2%          3    ###....
 Inner Flame              Hex/Fire       ##......     7%          3    ###....
 Animate Skeleton         Necr           N/A          8%          1    None
 Pain                     Necr           #...         8%          1    None
 Sticky Flame             Conj/Fire      ###.....     9%          4    ####...
 Vampiric Draining        Necr           #.........   22%         3    ###....
 Fireball                 Conj/Fire      ###.......   24%         5    ######.
 Animate Dead             Necr           N/A          56%         4    ####...
 Agony                    Necr           #.......     88%         5    ######.


Dungeon Overview and Level Annotations

Branches:
Dungeon (7/15)             Temple (1/1) D:5

Altars:
Ashenzari
Cheibriados
Dithmenos
Elyvilon
Fedhas
Gozag
Kikubaaqudgha
Makhleb
Nemelex Xobeh
Okawaru
Qazlal
Ru
Sif Muna
Trog
Uskayaw
Vehumet
Wu Jian
Xom
Yredelemnul
Zin
The Shining One

Shops:
D:4 (   D:5 (


Innate Abilities, Weirdness & Mutations

((You can breathe blasts of scalding, opaque steam.))
((Your pale cyan-grey scales are hard. (AC +6)))
You cannot fit into any form of body armour.
((You are cold-blooded and may be slowed by cold attacks.))


Message History

The magic dart hits the orc warrior but does no damage.
The orc warrior is almost dead.
The orc priest hits you but does no damage.
You feel better.
The orc warrior hits you with a +0 scimitar.
* * * LOW HITPOINT WARNING * * *
The orc priest calls upon Beogh to heal the orc warrior.
The orc warrior is healed somewhat.
Okay, then.
Casting: Magic Dart (safe; 1% risk of failure)
Confirm with . or Enter, or press ? or * to list all spells.
Aiming: Freeze (safe; 8% risk of failure)
Press: ? - help, Shift-Dir - straight line, f/p - orc warrior
Aim: an orc warrior, wielding a +0 scimitar and wearing a +0 chain mail (severely wounded)
You freeze the orc warrior.
The orc warrior is severely wounded.
The orc warrior barely misses you.
The orc priest invokes the aid of Beogh against you.
Beogh smites you!
You die...

.................##.....##
.##.........###..##.......
.......####..##..##.....##
.##.##.####..##..##......
........................
.##..........##..##..#.#
.#####..###.###..##..#.#####..#
.#####..###.###..o..†....))...#
................♣o...#.#####....
.................##.##... #
............#######.##.###
######..###.# #.##.# #### ##
######


You could see an orc warrior and an orc priest.

Vanquished Creatures
  2 sky beasts (D:6)
  2 ogres
  A big kobold (D:4)
  A bullfrog (D:6)
  A scorpion (D:4)
  A howler monkey (D:2)
  A crimson imp (D:6)
  A bullfrog zombie (D:6)
  2 orc wizards (D:6)
  A hound (D:5)
  An orc priest (D:6)
  A bullfrog skeleton (D:4)
  A hound skeleton (D:4)
  2 howler monkey zombies
  4 gnolls (D:5)
  5 adders
  A shadow imp (D:5)
  3 oozes
  An adder zombie (D:6)
  An adder skeleton (D:6)
  A worm (D:2)
  3 dart slugs
  A leopard gecko (D:2)
  16 orcs
  7 bats
  6 giant cockroaches
  9 goblins
  4 hobgoblins
  8 jackals
  2 quokkas
  2 ball pythons
  6 frilled lizards
  7 kobolds
  7 rats
112 creatures vanquished.

Vanquished Creatures (others)
  261 foxfires
261 creatures vanquished.

Grand Total: 373 creatures vanquished

Notes
Turn   | Place    | Note
-------+----------+-------------------------------------------
     0 | D:1      | Erk the Draconian Fire Elementalist began the quest for the
                  | Orb.
     0 | D:1      | Reached XP level 1. HP: 14/14 MP: 3/3
   114 | D:1      | Reached XP level 2. HP: 22/22 MP: 1/5
   240 | D:1      | Reached skill level 1 in Fighting
   371 | D:1      | Reached XP level 3. HP: 28/28 MP: 0/6
   975 | D:2      | Reached XP level 4. HP: 36/36 MP: 0/8
  1475 | D:2      | Found a radiant altar of Vehumet.
  1476 | D:2      | Found a bloodstained altar of Trog.
  1502 | D:2      | Became a worshipper of Vehumet
  1964 | D:2      | Reached XP level 5. HP: 34/42 MP: 9/9
  2092 | D:4      | Reached skill level 4 in Fire Magic
  2233 | D:5      | Entered Level 5 of the Dungeon
  2515 | D:4      | Found a shadowy altar of Dithmenos.
  2616 | D:4      | Noticed an ogre
  2702 | D:3      | Found a sacrificial altar of Ru.
  2706 | D:3      | Reached XP level 6. HP: 51/51 MP: 11/11
  3366 | D:3      | Found a shattered altar of Ashenzari.
  3723 | D:4      | Found Zuisoo's Weapon Shop.
  3857 | D:5      | Reached * piety under Vehumet
  3857 | D:5      | Offered knowledge of Magic Dart by Vehumet.
  3951 | D:6      | Noticed a sky beast
  3970 | D:5      | Found Oqied's Weapon Boutique.
  4075 | D:5      | Found a staircase to the Ecumenical Temple.
  4084 | D:5      | Your scales start taking on a pale cyan-grey colour.
  4084 | D:5      | Reached skill level 5 in Fire Magic
  4084 | D:5      | Reached XP level 7. HP: 57/58 MP: 6/12
  4087 | D:5      | Upgraded the game from 0.25-a0-404-gc1b5a34292 to
                  | 0.25-a0-413-g3b4b6a4ccc
  4089 | D:5      | Learned a level 1 spell: Magic Dart
  4111 | Temple   | Entered the Ecumenical Temple
  5338 | D:6      | Reached ** piety under Vehumet
  5338 | D:6      | Offered knowledge of Freeze by Vehumet.
  5338 | D:6      | Reached skill level 1 in Shields
  5342 | D:6      | Learned a level 1 spell: Freeze
  5478 | D:6      | Reached skill level 6 in Fire Magic
  5478 | D:6      | Reached XP level 8. HP: 56/67 MP: 14/14
  5514 | D:6      | Found a snail-covered altar of Cheibriados.
  5515 | D:6      | Found a white marble altar of Elyvilon.
  5515 | D:6      | Found a burning altar of Makhleb.
  5527 | D:6      | Found a shadowy altar of Dithmenos.
  5530 | D:6      | Found an ancient bone altar of Kikubaaqudgha.
  5573 | D:6      | Found an opulent altar of Gozag.
  5747 | D:6      | HP: 4/100 [orc warrior/+0 scimitar (7)]
  5751 | D:6      | Killed from afar by an orc priest

Levels and vault maps discovered:
D:1:      dpeg_arrival_windows_large_door, layout_basic
D:2:      layout_basic, grunt_temple_overflow_open, minmay_misc_feat_alley,
          minmay_crystal_room, chequers_mini_garden, minmay_3d_cube
D:3:      layout_basic, lemuel_coloured_pillars_altar, nicolae_ru_awakened_eye
D:4:      layout_gridville, serial_shops, shop, nicolae_dithmenos_shadow_blocks
D:5:      layout_basic, temple_fountains, serial_shops, nicolae_shop_trees,
          first_ration, gup_sewer_entry_glass, minivault_4
D:6:      layout_basic, minmay_overflow_temple_star_hex, basic_altar,
          corexii_hall_statues_l, amethyst_killhole
D:7:      layout_basic, uniq_joseph
Temple:   minmay_temple_forest_path

Skill      XL: |  1  2  3  4  5  6  7 |
---------------+----------------------+-----
Fighting       | 1 2 3 4 |  4.7
Conjurations   | 2 3 4 |  4.5
Spellcasting   | 3 4 |  4.5
Fire Magic     | 4 5 6 |  6.0
Shields        | 1 |  1.4
Dodging        | |  1.7
Stealth        | |  1.7

Action                   |  1- 3 |  4- 6 |  7- 9 || total
-------------------------+-------+-------+-------++-------
Melee: Spear             |     8 |       |       ||     8
       Tailslap          |     3 |     9 |       ||    12
       Whip              |    37 |    66 |     9 ||   112
 Fire: Hand crossbow     |       |     2 |       ||     2
 Cast: Foxfire           |    37 |    71 |    47 ||   155
       Magic Dart        |       |       |    47 ||    47
       Freeze            |       |       |     7 ||     7
 Abil: Breathe Steam     |       |       |     1 ||     1
  Use: Scroll            |       |     8 |       ||     8
       Potion            |       |       |     2 ||     2
 Stab: Sleeping          |     1 |     2 |       ||     3
  Eat: Chunk             |     1 |     6 |     4 ||    11
       Ration            |       |     1 |       ||     1
Armor: Skin              |    27 |    17 |    28 ||    72
Dodge: Dodged            |    33 |    51 |    25 ||   109
Block: Buckler           |       |       |     5 ||     5

Table legend:
 A = Non-vault XP
 B = Vault XP
 C = Vault XP percentage of total XP
 D = Non-vault monster count
 E = Vault monster count
 F = Vault count percentage of total count
                 A         B        C        D         E       F
            +---------+---------+-------+---------+---------+-------
      Total |    1476 |      23 |   1.5 |     105 |       7 |   6.2
            +---------+---------+-------+---------+---------+-------
        D:1 |      41 |       0 |   0.0 |      19 |       0 |   0.0
        D:2 |     142 |      17 |  10.7 |      29 |       4 |  12.1
        D:3 |      39 |       0 |   0.0 |      13 |       0 |   0.0
        D:4 |     360 |       0 |   0.0 |      12 |       0 |   0.0
        D:5 |     143 |       6 |   4.0 |       9 |       3 |  25.0
        D:6 |     751 |       0 |   0.0 |      23 |       0 |   0.0
            +---------+---------+-------+---------+---------+-------
